 Dungeon Crawl Stone Soup version 0.18.1-48-g4cf74bf (webtiles) character file.

34 Gadfly the Charmwright (level 3, 0/36 HPs)
             Began as a High Elf Skald on Sept 12, 2016.
             Slain by a hound (3 damage)
             ... on level 1 of the Dungeon.
             The game lasted 00:02:51 (951 turns).

Gadfly the Charmwright (High Elf Skald)              Turns: 951, Time: 00:02:51

Health: 0/36       AC: 21    Str: 11    XL:     3   Next: 14%
Magic:  8/8        EV:  2    Int: 16    God:
Gold:   62         SH:  0    Dex: 15    Spells: 3 memorised, 1 level left

rFire  . . .     SeeInvis .     a - +0 falchion
rCold  . . .     Gourm    .     (armour currently unavailable)
rNeg   + + +     Faith    .     (no shield)
rPois  +         Spirit   .     (helmet currently unavailable)
rElec  .         Dismiss  .     (cloak currently unavailable)
rCorr  .         Reflect  .     (gloves currently unavailable)
SustAt .         Harm     .     (boots currently unavailable)
MR     .....     NoTele   +     (no amulet)
Stlth  +.........               (no ring)
                                (no ring)

@: tree-form, not resistant to hostile enchantments, very unstealthy
A: no striking features
a: no special abilities


You were on level 1 of the Dungeon.
You were not hungry.
You were a tree.
You visited 1 branch of the dungeon, and saw 2 of its levels.

You collected 62 gold pieces.

Inventory:

Hand Weapons
 a - a +0 falchion (weapon)
Armour
 b - a +0 leather armour (melded)
Scrolls
 j - a scroll of identify
Books
 c - a book of Battle

   Spells                             Type                      Level
   a - Infusion                       Charms                       1
   b - Shroud of Golubria             Charms/Translocation         2
   c - Song of Slaying                Charms                       2
   d - Spectral Weapon                Hexes/Charms                 3
   e - Regeneration                   Charms/Necromancy            3
Comestibles
 d - a bread ration
 f - a beef jerky


   Skills:
 + Level 2.0 Fighting
 + Level 2.9 Long Blades
 + Level 1.1 Armour
 + Level 1.2 Dodging
 + Level 2.8 Spellcasting
 + Level 4.3 Charms


You had one spell level left.
You knew the following spells:

 Your Spells              Type           Power        Failure   Level  Hunger
a - Infusion              Chrm           ###.         3%          1    #......
b - Shroud of Golubria    Chrm/Tloc      #.........   14%         2    ##.....
c - Regeneration          Chrm/Necr      #.........   28%         3    ###....


Dungeon Overview and Level Annotations

Branches:
Dungeon (2/15)

Altars:


Message History

You hit the hound but do no damage.
The hound is lightly wounded.
The hound barely misses you. The hound bites you.
You hit the hound.
The hound is lightly wounded.
The hound bites you. x2
* * * LOW HITPOINT WARNING * * *
You barely miss the hound.
The hound is lightly wounded.
The hound bites you.
* * * LOW HITPOINT WARNING * * *
The hound barely misses you.
You slash the hound!
The hound is heavily wounded.
The hound bites you but does no damage.
Drink which item? (? for menu, Esc to quit)
You turn into a tree.
Your +0 leather armour melds into your body.
Your roots penetrate the ground.
The hound bites you.
You die...

.# #...............#.# .#
#.######.#.#.####.#
.#####.### #..........)#
.........# #.........###
######.#.# #..#.###..##
.......#.###..........#
.......#......#.###...####
................>........#
...........#....♣##...####
.......#.#.#...h.##...#
####'#................#
####.###..............#
.......#.#............#
####+#b#.............##
#.........##..###.###
#.............# #.#
#........####.# #.#


You could see a hound.

Vanquished Creatures
  A worm (D:1)
  A dart slug (D:1)
  5 bats
  A giant cockroach (D:1)
  4 goblins (D:1)
  2 hobgoblins (D:1)
  3 kobolds (D:1)
  2 giant newts
  13 rats (D:1)
32 creatures vanquished.

Notes
Turn   | Place    | Note
--------------------------------------------------------------
     0 | D:1      | Gadfly the High Elf Skald began the quest for the Orb.
     0 | D:1      | Reached XP level 1. HP: 14/14 MP: 4/4
    12 | D:1      | Reached skill level 4 in Charms
    61 | D:1      | Reached XP level 2. HP: 18/19 MP: 6/6
   120 | D:1      | Learned a level 2 spell: Shroud of Golubria
   337 | D:1      | Reached skill level 1 in Armour
   690 | D:1      | Reached XP level 3. HP: 22/24 MP: 8/8
   699 | D:1      | Learned a level 3 spell: Regeneration
   951 | D:1      | Slain by a hound

Skill      XL: |  1  2 |
---------------+-------+-----
Charms         | 4 |  4.3
Armour         | 1 |  1.1
Fighting       | |  2.0
Long Blades    | |  2.9
Dodging        | |  1.2
Spellcasting   | |  2.8

Action                   || total
-------------------------++-------
Melee: Falchion          ||    84
 Cast: Infusion          ||     1
       Shroud of Golubri ||     2
  Use: Scroll            ||     6
       Potion            ||     2
 Stab: Sleeping          ||     2
Armor: Leather armour    ||    26
Dodge: Dodged            ||    52
